 Dungeon Sprint DCSS version 0.28-a0-691-gad6df49e81 (webtiles) character file.

Game seed: 6165794407395742910

220 ytrimaz the Protected (level 7, 61/64 HPs)
             Began as a Formicid Fighter on Oct 22, 2021.
             Was a Believer of Okawaru.
             Quit the game in the Dungeon (Sprint VI: "Thunderdome").
             The game lasted 00:04:09 (647 turns).

ytrimaz the Protected (Formicid Fighter)             Turns: 647, Time: 00:04:09

Health: 61/64      AC:  8    Str: 22    XL:     7   Next: 63%
Magic:  11/11      EV: 10    Int:  8    God:    Okawaru [**....]
Gold:   140        SH:  4    Dex: 10    Spells: 6/6 levels left

rFire   . . .      SeeInvis +   a - +0 war axe
rCold   + + .      Faith    .   c - +0 buckler
rNeg    . . .      Spirit   .   b - +0 scale mail
rPois   +          Reflect  .   (helmet unavailable)
rElec   .          Harm     .   (no cloak)
rCorr   .          Rampage  .   (no gloves)
Will    ++...                   (no boots)
Stlth   ..........              f - amulet of Midnight {rPois rC+ Regen+}
HPRegen 0.20/turn               m - ring "Ciohe" {rC+ Will++}
MPRegen 0.12/turn               n - ring "Debul" {rPois Slay+3}

@: no status effects
A: permanent stasis, dig shafts and tunnels, antennae 3, four strong arms
a: Dig, Renounce Religion, Heroism


You were in the Dungeon.
You worshipped Okawaru.
Okawaru was pleased with you.
You visited 1 branch You collected 500 gold pieces.
You spent 360 gold pieces at shops.

Inventory:

Hand Weapons
 a - a +0 war axe (weapon)
Armour
 b - a +0 scale mail (worn)
 c - a +0 buckler (worn)
Jewellery
 f - the amulet of Midnight (around neck) {rPois rC+ Regen+}
   (You bought it in a shop in the Dungeon)

   [amulet of regeneration]

   rC:        It protects you from cold.
   rPois:     It protects you from poison.
   Regen:     It increases your rate of health regeneration.
 k - the amulet of Bodily Harmony {Spirit rN+ Int+2 Dex+7 Stlth-}
   (You bought it in a shop in the Dungeon)

   [amulet of guardian spirit]

   It causes incoming damage to be divided between your reserves of health and
   magic.
   Int:       It affects your intelligence (+2).
   Dex:       It affects your dexterity (+7).
   rN:        It protects you from negative energy.
   Stlth:     It makes you less stealthy.
 m - the ring "Ciohe" (left hand) {rC+ Will++}
   (You bought it in a shop in the Dungeon)

   [ring of protection from cold]

   rC:        It protects you from cold.
   Will:      It greatly increases your willpower.
 n - the ring "Debul" (right hand) {rPois Slay+3}
   (You bought it in a shop in the Dungeon)

   [ring of poison resistance]

   Slay:      It affects your accuracy & damage with ranged weapons and melee
   (+3).
   rPois:     It protects you from poison.
 o - the amulet "Taydwu Pogoa" {Faith rF++ Str+6 SInv}
   (You bought it in a shop in the Dungeon)

   [amulet of faith]

   It allows you to gain divine favour quickly.
   Str:       It affects your strength (+6).
   rF:        It greatly protects you from fire.
   SInv:      It lets you see invisible.
 p - the amulet "Urphen Kione" {RegenMP rPois rCorr}
   (You bought it in a shop in the Dungeon)

   [amulet of magic regeneration]

   It increases your rate of magic regeneration.
   rPois:     It protects you from poison.
   rCorr:     It protects you from acid and corrosion.
Wands
 i - a wand of acid (5)
 j - a wand of iceblast (5)
Scrolls
 l - 2 scrolls of fog
Potions
 e - a potion of curing
 g - 2 potions of magic
 h - a potion of resistance


   Skills:
 + Level 9.2 Fighting
 + Level 8.6 Axes
 + Level 10.2 Armour
 - Level 3.6 Shields
 * Level 6.3 Invocations


You had 6 spell levels left.
You didn't know any spells.
Your spell library was empty.

Dungeon Overview and Level Annotations

Branches:
Dungeon (1/1)

Altars:
Cheibriados
Dithmenos
Fedhas
Gozag
Kikubaaqudgha
Makhleb
Okawaru
Qazlal
Ru
Sif Muna
Trog
Uskayaw
Vehumet
Wu Jian
Xom
Yredelemnul
Zin
The Shining One
Beogh
Jiyva
Lugonu

Shops:
D *[??*?*:[((!!!!


Innate Abilities, Weirdness & Mutations

You cannot be hasted, slowed, berserked, paralysed or teleported.
You can dig through walls and to a lower floor.
You have a pair of large antennae on your head. (SInv)
Your four strong arms can wield two-handed weapons with a shield.


Message History

notify_dgn_event: Lua error: [string "global_prelude"]:54: Not a monster spell: 'teleport self' notify_dgn_event: Lua error: [string "global_prelude"]:54: Not a monster spell: 'teleport self' notify_dgn_event: Lua error: [string "global_prelude"]:54: Not a monster spell: 'teleport self' notify_dgn_event: Lua error: [string "global_prelude"]:54: Not a monster spell: 'teleport self' notify_dgn_event: Lua error: [string "global_prelude"]:54: Not a monster spell: 'teleport self' notify_dgn_event: Lua error: [string "global_prelude"]:54: Not a monster spell: 'teleport self'
As you read the scroll of fog, it crumbles to dust.
The scroll dissolves into smoke. notify_dgn_event: Lua error: [string "global_prelude"]:54: Not a monster spell: 'teleport self' notify_dgn_event: Lua error: [string "global_prelude"]:54: Not a monster spell: 'teleport self' notify_dgn_event: Lua error: [string "global_prelude"]:54: Not a monster spell: 'teleport self' notify_dgn_event: Lua error: [string "global_prelude"]:54: Not a monster spell: 'teleport self' notify_dgn_event: Lua error: [string "global_prelude"]:54: Not a monster spell: 'teleport self' notify_dgn_event: Lua error: [string "global_prelude"]:54: Not a monster spell: 'teleport self' notify_dgn_event: Lua error: [string "global_prelude"]:54: Not a monster spell: 'teleport self' notify_dgn_event: Lua error: [string "global_prelude"]:54: Not a monster spell: 'teleport self' notify_dgn_event: Lua error: [string "global_prelude"]:54: Not a monster spell: 'teleport self' notify_dgn_event: Lua error: [string "global_prelude"]:54: Not a monster spell: 'teleport self' notify_dgn_event: Lua error: [string "global_prelude"]:54: Not a monster spell: 'teleport self' notify_dgn_event: Lua error: [string "global_prelude"]:54: Not a monster spell: 'teleport self' notify_dgn_event: Lua error: [string "global_prelude"]:54: Not a monster spell: 'teleport self' notify_dgn_event: Lua error: [string "global_prelude"]:54: Not a monster spell: 'teleport self' notify_dgn_event: Lua error: [string "global_prelude"]:54: Not a monster spell: 'teleport self' notify_dgn_event: Lua error: [string "global_prelude"]:54: Not a monster spell: 'teleport self' notify_dgn_event: Lua error: [string "global_prelude"]:54: Not a monster spell: 'teleport self' notify_dgn_event: Lua error: [string "global_prelude"]:54: Not a monster spell: 'teleport self'
Things that are here:
a +0 robe; a +0 mace notify_dgn_event: Lua error: [string "global_prelude"]:54: Not a monster spell: 'teleport self' notify_dgn_event: Lua error: [string "global_prelude"]:54: Not a monster spell: 'teleport self' notify_dgn_event: Lua error: [string "global_prelude"]:54: Not a monster spell: 'teleport self' notify_dgn_event: Lua error: [string "global_prelude"]:54: Not a monster spell: 'teleport self' notify_dgn_event: Lua error: [string "global_prelude"]:54: Not a monster spell: 'teleport self' notify_dgn_event: Lua error: [string "global_prelude"]:54: Not a monster spell: 'teleport self' notify_dgn_event: Lua error: [string "global_prelude"]:54: Not a monster spell: 'teleport self' notify_dgn_event: Lua error: [string "global_prelude"]:54: Not a monster spell: 'teleport self' notify_dgn_event: Lua error: [string "global_prelude"]:54: Not a monster spell: 'teleport self' notify_dgn_event: Lua error: [string "global_prelude"]:54: Not a monster spell: 'teleport self' notify_dgn_event: Lua error: [string "global_prelude"]:54: Not a monster spell: 'teleport self' Are you sure you want to abandon this character and quit the game? (Confirm with "yes".)

##### ##⌠⌠⌠## #.....#
##.....## ##∩...@.∩##
#∩.......∩# #_......._#
#_......._# #_......._#
###..[......###
#⌠........[..⌠#
######.8.........8÷######
##..__......###......___∩##


There were no monsters in sight!

Vanquished Creatures
  Sigmund (D)
  An acid dragon (D)
  A necrophage (D)
  A centaur (D)
  3 wights (D)
  2 adders (D)
  2 adder skeletons (D)
  2 orcs (D)
  A bat (D)
  A bat zombie (D)
  5 endoplasms (D)
  A ball python (D)
  A ball python skeleton (D)
22 creatures vanquished.

Notes
Turn   | Place    | Note
-------+----------+-------------------------------------------
     0 | D        | ytrimaz the Formicid Fighter began the quest for the Orb.
     0 | D        | Reached XP level 1. HP: 18/18 MP: 1/1
     0 | D        | Found a shimmering altar of Xom.
     0 | D        | Found an ancient bone altar of Kikubaaqudgha.
     1 | D        | Found a burning altar of Makhleb.
     1 | D        | Found a glowing golden altar of the Shining One.
     5 | D        | Round 1.
    11 | D        | Found an ornate altar of the Wu Jian Council.
    12 | D        | Found a sacrificial altar of Ru.
    12 | D        | Found an opulent altar of Gozag.
    13 | D        | Found a hide-covered altar of Uskayaw.
    13 | D        | Found a corrupted altar of Lugonu.
    14 | D        | Found Edafi's Do-It-Yourself Clinic.
    14 | D        | Found Tolua's Distillery.
    15 | D        | Found Umus's Bottled Wisdom.
    15 | D        | Found Mejoemp's Distillery.
    32 | D        | Found Risopouw's Weapon Rack.
    32 | D        | Found Eqamac's Basic Armour.
    33 | D        | Found Peps's Miscellaneous Merchandise.
    34 | D        | Found an iron altar of Okawaru.
    34 | D        | Found a stormy altar of Qazlal.
    34 | D        | Found Qoogriph's Premium Goods.
    34 | D        | Noticed Sigmund
    40 | D        | Found a glowing silver altar of Zin.
    44 | D        | Became a worshipper of Warmaster Okawaru
    52 | D        | Killed Sigmund
    52 | D        | Reached * piety under Okawaru
    52 | D        | Reached ** piety under Okawaru
    52 | D        | Reached *** piety under Okawaru
    53 | D        | Reached skill level 8 in Armour
    53 | D        | Reached XP level 2. HP: 31/31 MP: 2/2
    53 | D        | Reached XP level 3. HP: 36/36 MP: 3/3
    53 | D        | Reached XP level 4. HP: 43/43 MP: 4/4
    53 | D        | Reached XP level 5. HP: 48/48 MP: 5/5
    54 | D        | Found a bloodstained altar of Trog.
    54 | D        | Found a blossoming altar of Fedhas.
    59 | D        | Found Diezxurori's Identification Station.
    62 | D        | Found Potamaaw's Advanced Armour.
    62 | D        | Found Puydaott's Jewellery.
    69 | D        | Found a viscous altar of Jiyva.
    69 | D        | Found a snail-covered altar of Cheibriados.
    77 | D        | Bought an ancient diamond amulet for 45 gold pieces
    77 | D        | Identified the amulet "Geipyuf" {Faith rC+} (You bought it
                  | in a shop in the Dungeon)
    82 | D        | Bought a bound lapis lazuli ring for 45 gold pieces
    82 | D        | Identified the ring of Luloqubb {*Corrode Int+2 Dex+6 SInv}
                  | (You bought it in a shop in the Dungeon)
    82 | D        | Bought a brightly glowing wooden ring for 45 gold pieces
    82 | D        | Identified the ring "Ciohe" {rC+ Will++} (You bought it in
                  | a shop in the Dungeon)
    82 | D        | Bought a bound ivory ring for 45 gold pieces
    82 | D        | Identified the ring "Debul" {rPois Slay+3} (You bought it
                  | in a shop in the Dungeon)
    86 | D        | Found a shimmering blue altar of Sif Muna.
   116 | D        | Arena points: 5 (+5) [x1]
   131 | D        | Round 2.
   181 | D        | Found a radiant altar of Vehumet.
   185 | D        | Found Raeskuups's Staff Store.
   186 | D        | Found Mydeorish's Must-Have Magic.
   186 | D        | Found Counyi's Magic Scroll Shop.
   188 | D        | Found a shadowy altar of Dithmenos.
   188 | D        | Found a basalt altar of Yredelemnul.
   188 | D        | Found Kehut's Magic Scroll Shop.
   199 | D        | Arena points: 29 (+24) [x2]
   214 | D        | Round 3.
   251 | D        | Reached skill level 1 in Invocations
   274 | D        | Bought a flickering emerald amulet for 45 gold pieces
   274 | D        | Identified the amulet of Bodily Harmony {Spirit rN+ Int+2
                  | Dex+7 Stlth-} (You bought it in a shop in the Dungeon)
   308 | D        | Reached skill level 5 in Axes
   318 | D        | Reached XP level 6. HP: 43/56 MP: 3/8
   333 | D        | Noticed a necrophage
   342 | D        | Killed a necrophage
   342 | D        | Arena points: 92 (+63) [x3]
   343 | D        | Reached skill level 9 in Armour
   404 | D        | Round 4.
   526 | D        | Noticed an acid dragon
   534 | D        | Killed an acid dragon
   535 | D        | Reached skill level 10 in Armour
   535 | D        | Reached skill level 5 in Invocations
   535 | D        | Reached XP level 7. HP: 49/63 MP: 0/11
   542 | D        | Arena points: 220 (+128) [x4]
   549 | D        | Bought a twitching ivory amulet for 45 gold pieces
   549 | D        | Identified the amulet of Midnight {rPois rC+ Regen+} (You
                  | bought it in a shop in the Dungeon)
   549 | D        | Bought a scintillating golden amulet for 45 gold pieces
   549 | D        | Identified the amulet "Taydwu Pogoa" {Faith rF++ Str+6
                  | SInv} (You bought it in a shop in the Dungeon)
   549 | D        | Bought a pitted iron amulet for 45 gold pieces
   549 | D        | Identified the amulet "Urphen Kione" {RegenMP rPois rCorr}
                  | (You bought it in a shop in the Dungeon)
   595 | D        | Round 5.
   647 | D        | Quit the game

Illustrated notes

Levels and vault maps discovered:
D:        arena_sprint

Skill      XL: |  1  2  3  4  5  6  7 |
---------------+----------------------+-----
Fighting       | 7 8 9 |  9.2
Axes           | 4 5 7 8 |  8.6
Armour         | 8 10 | 10.2
Invocations    | 2 5 6 |  6.3
Shields        | |  3.6

Action                   |  1- 3 |  4- 6 |  7- 9 || total
-------------------------+-------+-------+-------++-------
Melee: War axe           |     6 |    45 |     6 ||    57
Invok: Heroism           |       |     4 |       ||     4
  Use: Potion            |     4 |     2 |       ||     6
       Scroll            |     1 |       |     1 ||     2
Armor: Scale mail        |     9 |    26 |     5 ||    40
Dodge: Dodged            |     9 |    23 |    10 ||    42
Block: Buckler           |     4 |    10 |     2 ||    16

Table legend: (Time is in decaauts)
 A = Elapsed time spent in this place.
 B = Non-inter-level travel time spent in this place.
 C = Inter-level travel time spent in this place.
 D = Time resting spent in this place.
 E = Time spent auto-exploring this place.
 F = Levels seen in this place.
 G = Mean time per level.
                   A        B        C        D        E       F      G
               +--------+--------+--------+--------+--------+-----+--------+
         Total |    655 |    655 |      0 |     12 |    222 |   1 |  655.0 |
       Dungeon |    655 |    655 |      0 |     12 |    222 |   1 |  655.0 |
               +--------+--------+--------+--------+--------+-----+--------+

Top non-repeatable levels by time:
       D: 655 daAuts
